| TOP OF THE 1ST |
|
Amarillo Gold Sox batting - Pitching for El Paso Sun Kings : LHP Michael Tulacz
|
|
Pitching: LHP Michael Tulacz
|
|
|
Batting: SHB Mike Felder
|
0-0: Foul Ball, location: 2F 0-1: Ball 1-1: Ball 2-1: Ball 3-1: Ground out 4-3 (Groundball, 4, EV 83.1 MPH)
|
|
Batting: LHB Hector Arroyo
|
0-0: Called Strike 0-1: SINGLE (Groundball, 4S, EV 74.4 MPH) (infield hit)
|
|
Batting: SHB Al Newman
|
0-0: Ball 1-0: Swinging Strike 1-1: Fly out, F7 (Flyball, 7LM, EV 85.6 MPH)
|
|
Batting: LHB Louie Meadows
|
0-0: Swinging Strike Passed Ball! Hector Arroyo to second 0-1: SINGLE (Flyball, 34D, EV 88.1 MPH) Hector Arroyo to third Runner from 3rd tries for Home, SAFE, throw by RF to home
|
|
Batting: RHB Bill Pecota
|
0-0: Called Strike Louie Meadows is caught stealing 2nd base 2-4
|
| Top of the 1st over - 1 run, 2 hits, 0 errors, 0 left on base; Amarillo 1 - El Paso 0 |
| BOTTOM OF THE 1ST |
|
El Paso Sun Kings batting - Pitching for Amarillo Gold Sox : RHP Rich Bordi
|
|
Pitching: RHP Rich Bordi
|
|
|
Batting: LHB Stanley Hendrickson
|
0-0: Fly out, F7 (Flyball, 7LM, EV 75.6 MPH)
|
|
Batting: RHB Danny Ramires
|
0-0: Ball 1-0: Foul Ball, location: 2F 1-1: Called Strike 1-2: Foul Ball, location: 2F 1-2: Ground out 3-1 (Groundball, 34, EV 87.5 MPH)
|
|
Batting: RHB Chuckie Canady
|
0-0: Ball 1-0: Foul Ball, location: 2F 1-1: Ball 2-1: Swinging Strike 2-2: Strikes out swinging
|
| Bottom of the 1st over - 0 runs, 0 hits, 0 errors, 0 left on base; Amarillo 1 - El Paso 0 |
| TOP OF THE 2ND |
|
Amarillo Gold Sox batting - Pitching for El Paso Sun Kings : LHP Michael Tulacz
|
|
Batting: RHB Bill Pecota
|
0-0: Ball 1-0: Fly out, F4 (Popup, 4M, EV 58.8 MPH)
|
|
Batting: RHB Andrew Barbee
|
0-0: Ball 1-0: Fly out, F8 (Flyball, 89D, EV 96.3 MPH)
|
|
Batting: RHB Vic Alvarado
|
0-0: Swinging Strike 0-1: Swinging Strike 0-2: Ball 1-2: Foul Ball, location: 2F 1-2: Strikes out swinging, 2-3 out at first.
|
| Top of the 2nd over - 0 runs, 0 hits, 0 errors, 0 left on base; Amarillo 1 - El Paso 0 |
| BOTTOM OF THE 2ND |
|
El Paso Sun Kings batting - Pitching for Amarillo Gold Sox : RHP Rich Bordi
|
|
Batting: RHB Jon Hansen
|
0-0: Fly out, F9 (Line Drive, 89M, EV 105.0 MPH)
|
|
Batting: RHB Mike Anicich
|
0-0: Foul Ball, location: 2F 0-1: Swinging Strike 0-2: Ball 1-2: Foul Ball, location: 2F 1-2: SINGLE (Groundball, 6D, EV 94.4 MPH)
|
|
Batting: LHB Kevin Knuth
|
0-0: Foul Ball, location: 2F 0-1: SINGLE (Flyball, 89S, EV 91.9 MPH) Mike Anicich to second
|
|
Batting: SHB Danny Torres
|
0-0: Ball 1-0: Fly out, F5 (Popup, 56, EV 62.5 MPH)
|
|
Batting: RHB Cecil Strawn
|
0-0: Called Strike 0-1: Called Strike 0-2: Foul Ball, location: 2F 0-2: Ground out 3-1 (Groundball, 34S, EV 76.9 MPH)
|
| Bottom of the 2nd over - 0 runs, 2 hits, 0 errors, 2 left on base; Amarillo 1 - El Paso 0 |
| TOP OF THE 3RD |
|
Amarillo Gold Sox batting - Pitching for El Paso Sun Kings : LHP Michael Tulacz
|
|
Batting: LHB Russ Laribee
|
0-0: Swinging Strike 0-1: Foul Ball, location: 2F 0-2: Ball 1-2: Strikes out swinging
|
|
Batting: RHB Todd Smith
|
0-0: Ball 1-0: Ball 2-0: Foul Ball, location: 2F 2-1: Ball 3-1: Called Strike 3-2: Base on Balls
|
|
Batting: SHB Mike Felder
|
0-0: Ball 1-0: Foul Ball, location: 2F 1-1: Called Strike 1-2: Fly out, F8 (Line Drive, 8RD, EV 94.4 MPH)
|
|
Batting: LHB Hector Arroyo
|
0-0: Ball Todd Smith is caught stealing 2nd base 2-6
|
| Top of the 3rd over - 0 runs, 0 hits, 0 errors, 0 left on base; Amarillo 1 - El Paso 0 |
| BOTTOM OF THE 3RD |
|
El Paso Sun Kings batting - Pitching for Amarillo Gold Sox : RHP Rich Bordi
|
|
Batting: RHB Lance Ediger
|
0-0: Reached on error, E3 (Groundball, 34, EV 101.3 MPH)
|
|
Batting: LHB Stanley Hendrickson
|
0-0: Ball 1-0: Foul Ball, location: 2F 1-1: Foul Ball, location: 2F 1-2: Ball 2-2: Fly out, F4 (Popup, 34, EV 60.6 MPH)
|
|
Batting: RHB Danny Ramires
|
0-0: Called Strike Lance Ediger steals 2nd base (no throw) 0-1: Foul Ball, location: 2F 0-2: Ball 1-2: Ball 2-2: Ball Passed Ball! Lance Ediger to third 3-2: Foul Ball, location: 2F 3-2: Foul Ball, location: 2F 3-2: Strikes out swinging
|
|
Batting: RHB Chuckie Canady
|
0-0: Foul Ball, location: 2F 0-1: Foul Ball, location: 2F 0-2: Ball 1-2: SINGLE (Line Drive, 34D, EV 107.5 MPH) Lance Ediger scores
|
|
Batting: RHB Jon Hansen
|
0-0: Called Strike 0-1: Ball 1-1: Ball 2-1: Fly out, F7 (Flyball, 7, EV 80.0 MPH)
|
| Bottom of the 3rd over - 1 run, 1 hit, 1 error, 1 left on base; Amarillo 1 - El Paso 1 |
| TOP OF THE 4TH |
|
Amarillo Gold Sox batting - Pitching for El Paso Sun Kings : LHP Michael Tulacz
|
|
Batting: LHB Hector Arroyo
|
0-0: Called Strike 0-1: Ground out 6-3 (Groundball, 6, EV 84.4 MPH)
|
|
Batting: SHB Al Newman
|
0-0: Called Strike 0-1: Ball 1-1: Foul Ball, location: 2F 1-2: Ball 2-2: Ball 3-2: Base on Balls
|
|
Batting: LHB Louie Meadows
|
0-0: Ball Al Newman is caught stealing 2nd base 2-6 1-0: Reached on error, E7 (Line Drive, 7, EV 100.0 MPH)
|
|
Batting: RHB Bill Pecota
|
0-0: Called Strike 0-1: Ball 1-1: Foul Ball, location: 2F 1-2: Ball 2-2: Fly out, F4 (Flyball, 34D, EV 74.4 MPH)
|
| Top of the 4th over - 0 runs, 0 hits, 1 error, 1 left on base; Amarillo 1 - El Paso 1 |
| BOTTOM OF THE 4TH |
|
El Paso Sun Kings batting - Pitching for Amarillo Gold Sox : RHP Rich Bordi
|
|
Batting: RHB Mike Anicich
|
0-0: Ball 1-0: Fly out, F6 (Flyball, 56D, EV 81.3 MPH)
|
|
Batting: LHB Kevin Knuth
|
0-0: Ball 1-0: Fly out, F8 (Flyball, 8RS, EV 90.6 MPH)
|
|
Batting: SHB Danny Torres
|
0-0: Called Strike 0-1: Ball 1-1: SINGLE (Line Drive, 7S, EV 105.6 MPH)
|
|
Batting: RHB Cecil Strawn
|
0-0: Called Strike 0-1: Foul Ball, location: 2F 0-2: Foul Ball, location: 2F 0-2: Ball 1-2: Ball 2-2: Strikes out swinging
|
| Bottom of the 4th over - 0 runs, 1 hit, 0 errors, 1 left on base; Amarillo 1 - El Paso 1 |
| TOP OF THE 5TH |
|
Amarillo Gold Sox batting - Pitching for El Paso Sun Kings : LHP Michael Tulacz
|
|
Batting: RHB Andrew Barbee
|
0-0: Called Strike 0-1: Foul Ball, location: 2F 0-2: Strikes out swinging
|
|
Batting: RHB Vic Alvarado
|
0-0: Swinging Strike 0-1: Foul Ball, location: 2F 0-2: Ball 1-2: Ball 2-2: SINGLE (Line Drive, 6MD, EV 101.9 MPH)
|
|
Batting: LHB Russ Laribee
|
0-0: Ground out 3-1 (Groundball, 34S, EV 87.5 MPH) Vic Alvarado to second
|
|
Batting: RHB Todd Smith
|
0-0: Ball 1-0: Ground out 5-3 (Groundball, 5, EV 100.6 MPH)
|
| Top of the 5th over - 0 runs, 1 hit, 0 errors, 1 left on base; Amarillo 1 - El Paso 1 |
| BOTTOM OF THE 5TH |
|
El Paso Sun Kings batting - Pitching for Amarillo Gold Sox : RHP Rich Bordi
|
|
Batting: RHB Lance Ediger
|
0-0: Called Strike 0-1: Ball 1-1: Foul Ball, location: 2F 1-2: Strikes out swinging, 2-3 out at first.
|
|
Batting: LHB Stanley Hendrickson
|
0-0: Ball 1-0: Ball 2-0: DOUBLE (Line Drive, 3D, EV 95.6 MPH)
|
|
Batting: RHB Danny Ramires
|
0-0: Ground out 4-3 (Groundball, 4, EV 88.8 MPH) Stanley Hendrickson to third
|
|
Batting: RHB Chuckie Canady
|
0-0: Called Strike 0-1: Ground out 5-3 (Groundball, 56, EV 98.8 MPH)
|
| Bottom of the 5th over - 0 runs, 1 hit, 0 errors, 1 left on base; Amarillo 1 - El Paso 1 |
| TOP OF THE 6TH |
|
Amarillo Gold Sox batting - Pitching for El Paso Sun Kings : LHP Michael Tulacz
|
|
Batting: SHB Mike Felder
|
0-0: Ball 1-0: Called Strike 1-1: Foul Ball, location: 2F 1-2: SINGLE (Line Drive, 7S, EV 111.9 MPH)
|
|
Batting: LHB Hector Arroyo
|
0-0: Ball 1-0: Called Strike 1-1: Ball 2-1: Called Strike 2-2: Strikes out swinging
|
|
Batting: SHB Al Newman
|
0-0: Called Strike 0-1: Swinging Strike Passed Ball! Mike Felder to second 0-2: Ground out 4-3 (Groundball, 4, EV 101.3 MPH) Mike Felder to third
|
|
Batting: LHB Louie Meadows
|
0-0: Called Strike 0-1: Fly out, F9 (Flyball, 89D, EV 86.3 MPH)
|
| Top of the 6th over - 0 runs, 1 hit, 0 errors, 1 left on base; Amarillo 1 - El Paso 1 |
| BOTTOM OF THE 6TH |
|
El Paso Sun Kings batting - Pitching for Amarillo Gold Sox : RHP Rich Bordi
|
|
Batting: RHB Jon Hansen
|
0-0: Called Strike 0-1: Ball 1-1: Ball 2-1: Foul Ball, location: 2F 2-2: Ground out 4-3 (Groundball, 4S, EV 77.5 MPH)
|
|
Batting: RHB Mike Anicich
|
0-0: Called Strike 0-1: Ball 1-1: Ball 2-1: Ball 3-1: Base on Balls
|
|
Batting: LHB Kevin Knuth
|
0-0: Ball 1-0: Foul Ball, location: 2F Balk! Mike Anicich to second 1-1: Swinging Strike 1-2: Ground out 5-3 (Groundball, 56S, EV 83.8 MPH)
|
|
Batting: SHB Danny Torres
|
0-0: Ball 1-0: Ball 2-0: Called Strike 2-1: Foul Ball, location: 2F 2-2: Foul Ball, location: 2F 2-2: Ground out U3 (Groundball, 34, EV 85.6 MPH)
|
| Bottom of the 6th over - 0 runs, 0 hits, 0 errors, 1 left on base; Amarillo 1 - El Paso 1 |
| TOP OF THE 7TH |
|
Amarillo Gold Sox batting - Pitching for El Paso Sun Kings : LHP Michael Tulacz
|
|
Batting: RHB Bill Pecota
|
0-0: Swinging Strike 0-1: Foul Ball, location: 2F 0-2: Ball 1-2: Foul Ball, location: 2F 1-2: Foul Ball, location: 2F 1-2: Strikes out swinging
|
|
Batting: RHB Andrew Barbee
|
0-0: Ball 1-0: Foul Ball, location: 2F 1-1: Called Strike 1-2: Ball 2-2: Ball 3-2: SINGLE (Line Drive, 89S, EV 111.9 MPH)
|
|
Batting: RHB Vic Alvarado
|
0-0: Ball 1-0: DOUBLE (Line Drive, 7LM, EV 109.4 MPH) Andrew Barbee to third
|
|
Batting: LHB Russ Laribee
|
0-0: Called Strike 0-1: Ball 1-1: Foul Ball, location: 2F 1-2: Strikes out swinging
|
|
Batting: RHB Todd Smith
|
0-0: Ball 1-0: Called Strike 1-1: Ground out 6-3 (Groundball, 6, EV 109.4 MPH)
|
| Top of the 7th over - 0 runs, 2 hits, 0 errors, 2 left on base; Amarillo 1 - El Paso 1 |
| BOTTOM OF THE 7TH |
|
El Paso Sun Kings batting - Pitching for Amarillo Gold Sox : RHP Rich Bordi
|
|
Batting: RHB Cecil Strawn
|
0-0: Ball 1-0: SINGLE (Line Drive, 78M, EV 101.9 MPH)
|
|
Batting: RHB Lance Ediger
|
0-0: Ball 1-0: Foul Ball, location: 2F 1-1: Ball 2-1: Swinging Strike 2-2: Ball 3-2: Strikes out swinging
|
|
Pitching: RHP Denny Schafer
|
|
|
Batting: LHB Stanley Hendrickson
|
0-0: Foul Ball, location: 2F 0-1: Foul Ball, location: 2F 0-2: Ball 1-2: Foul Ball, location: 2F 1-2: SINGLE (Line Drive, 7LS, EV 91.9 MPH) Cecil Strawn to second
|
|
Batting: RHB Danny Ramires
|
0-0: Called Strike 0-1: Ball 1-1: Foul Ball, location: 2F 1-2: Foul Ball, location: 2F 1-2: Strikes out looking
|
|
Batting: RHB Chuckie Canady
|
0-0: Ball 1-0: Ball 2-0: Ball 3-0: Called Strike 3-1: Base on Balls Cecil Strawn to third Stanley Hendrickson to second
|
|
Batting: RHB Jon Hansen
|
0-0: Called Strike 0-1: Called Strike 0-2: Fly out, F8 (Flyball, 8LXD, EV 109.4 MPH)
|
| Bottom of the 7th over - 0 runs, 2 hits, 0 errors, 3 left on base; Amarillo 1 - El Paso 1 |
| TOP OF THE 8TH |
|
Amarillo Gold Sox batting - Pitching for El Paso Sun Kings : LHP Michael Tulacz
|
|
Batting: SHB Mike Felder
|
0-0: Ball 1-0: Ball 2-0: Foul Ball, location: 2F 2-1: Ball 3-1: Base on Balls
|
|
Batting: LHB Hector Arroyo
|
0-0: Called Strike 0-1: Ball 1-1: Ball 2-1: Foul Ball, location: 2F 2-2: Ball 3-2: Fly out, F8 (Flyball, 8LM, EV 88.8 MPH)
|
|
Pitching: RHP Dave Shipanoff
|
|
|
Batting: SHB Al Newman
|
0-0: Called Strike 0-1: Ball 1-1: Ball 2-1: Ball Wild Pitch! Mike Felder to second 3-1: Base on Balls
|
|
Batting: LHB Louie Meadows
|
0-0: Ball 1-0: Ball 2-0: Called Strike 2-1: Ball 3-1: Base on Balls Mike Felder to third Al Newman to second
|
|
Batting: RHB Bill Pecota
|
0-0: Ball 1-0: Foul Ball, location: 2F 1-1: Ball 2-1: Ball 3-1: Base on Balls Mike Felder scores Al Newman to third Louie Meadows to second
|
|
Batting: RHB Andrew Barbee
|
0-0: Grounds into fielders choice 5-2 (Groundball, 56S, EV 73.8 MPH) Louie Meadows to third Bill Pecota to second
|
|
Batting: RHB Vic Alvarado
|
0-0: Foul Ball, location: 2F 0-1: Swinging Strike 0-2: SINGLE (Groundball, P, EV 84.4 MPH) (infield hit) Louie Meadows scores Bill Pecota to third Andrew Barbee to second
|
|
Batting: LHB Russ Laribee
|
0-0: Called Strike 0-1: Ball 1-1: Foul Ball, location: 2F 1-2: SINGLE (Flyball, 8LS, EV 84.4 MPH) Bill Pecota scores Andrew Barbee to third Vic Alvarado to second Runner from 3rd tries for Home, SAFE, throw by CF to home
|
|
Pitching: LHP Michael Shoaf
|
|
|
Batting: RHB Todd Smith
|
0-0: Called Strike 0-1: Ball 1-1: Ball 2-1: Foul Ball, location: 2F 2-2: SINGLE (Groundball, 56D, EV 96.3 MPH) Vic Alvarado to third Russ Laribee to second Runner from 3rd tries for Home, SAFE, throw by LF to home
|
|
Batting: SHB Mike Felder
|
0-0: Foul Ball, location: 2F 0-1: Swinging Strike 0-2: Ball 1-2: SINGLE (Groundball, 5S, EV 68.1 MPH) (infield hit) Russ Laribee to third Todd Smith to second
|
|
Batting: LHB Hector Arroyo
|
0-0: Ball 1-0: Called Strike 1-1: Ball 2-1: Ball 3-1: Base on Balls Russ Laribee scores Todd Smith to third Mike Felder to second
|
|
Batting: SHB Al Newman
|
0-0: Ball 1-0: Ball 2-0: Foul Ball, location: 2F 2-1: Foul Ball, location: 2F 2-2: Foul Ball, location: 2F 2-2: Foul Ball, location: 2F 2-2: Foul Ball, location: 2F 2-2: Ball 3-2: Ground out 4-3 (Groundball, 34, EV 98.1 MPH)
|
| Top of the 8th over - 6 runs, 4 hits, 0 errors, 3 left on base; Amarillo 7 - El Paso 1 |
| BOTTOM OF THE 8TH |
|
El Paso Sun Kings batting - Pitching for Amarillo Gold Sox : RHP Denny Schafer
|
|
Batting: RHB Mike Anicich
|
0-0: Foul Ball, location: 2F 0-1: Foul Ball, location: 2F 0-2: Ball 1-2: Reached on error, E3 (Groundball, 13, EV 91.9 MPH)
|
|
Batting: LHB Kevin Knuth
|
0-0: Grounds into double play, 5-4-3 (Groundball, 56, EV 108.1 MPH)
|
|
Batting: SHB Danny Torres
|
0-0: Called Strike 0-1: Swinging Strike 0-2: Strikes out swinging
|
| Bottom of the 8th over - 0 runs, 0 hits, 1 error, 0 left on base; Amarillo 7 - El Paso 1 |
| TOP OF THE 9TH |
|
Amarillo Gold Sox batting - Pitching for El Paso Sun Kings : LHP Michael Shoaf
|
|
Batting: LHB Louie Meadows
|
0-0: Called Strike 0-1: Ball 1-1: Swinging Strike 1-2: Foul Ball, location: 2F 1-2: Ground out 4-3 (Groundball, 4, EV 85.0 MPH)
|
|
Batting: RHB Bill Pecota
|
0-0: Ball 1-0: Foul Ball, location: 2F 1-1: Ball 2-1: Ball 3-1: Foul Ball, location: 2F 3-2: Fly out, F8 (Line Drive, 8LD, EV 101.3 MPH)
|
|
Batting: RHB Andrew Barbee
|
0-0: Ball 1-0: Ball 2-0: Foul Ball, location: 2F 2-1: Ball 3-1: Swinging Strike 3-2: Base on Balls
|
|
Batting: RHB Vic Alvarado
|
0-0: Ball 1-0: Foul Ball, location: 2F 1-1: Ball 2-1: Called Strike 2-2: Foul Ball, location: 2F 2-2: Fly out, F7 (Flyball, 78M, EV 85.6 MPH)
|
| Top of the 9th over - 0 runs, 0 hits, 0 errors, 1 left on base; Amarillo 7 - El Paso 1 |
| BOTTOM OF THE 9TH |
|
El Paso Sun Kings batting - Pitching for Amarillo Gold Sox : RHP Denny Schafer
|
|
Batting: RHB Cecil Strawn
|
0-0: Ball 1-0: Ball 2-0: Foul Ball, location: 2F 2-1: Reached on error, E5 (Groundball, 56, EV 83.1 MPH)
|
|
Batting: RHB Lance Ediger
|
0-0: Ball 1-0: Ball 2-0: Ball 3-0: SINGLE (Groundball, 34D, EV 95.6 MPH) Cecil Strawn to second
|
|
Pitching: RHP Alec Christianson
|
|
|
Batting: LHB Stanley Hendrickson
|
0-0: Ball 1-0: Foul Ball, location: 2F 1-1: Called Strike 1-2: Ball 2-2: Foul Ball, location: 2F 2-2: Ball 3-2: Base on Balls Cecil Strawn to third Lance Ediger to second
|
|
Batting: RHB Danny Ramires
|
0-0: Ball 1-0: Ball 2-0: Ball 3-0: Called Strike 3-1: Base on Balls Cecil Strawn scores Lance Ediger to third Stanley Hendrickson to second
|
|
Batting: RHB Chuckie Canady
|
0-0: Fly out, F2 (Popup, 23F, EV 95.6 MPH)
|
|
Batting: RHB Jon Hansen
|
0-0: Reached on error, E5 (Groundball, 56S, EV 63.1 MPH) Lance Ediger scores Stanley Hendrickson scores Danny Ramires to third
|
|
Pitching: RHP Bob Tewksbury
|
|
|
Pinch Hitting: SHB Keith Thrower
|
0-0: Foul Ball, location: 2F 0-1: Fly out, F9 (Flyball, 89D, EV 109.4 MPH) Runner from 3rd tags up, SCORES, no throw by RF Jon Hansen to third
|
|
Batting: LHB Kevin Knuth
|
0-0: Ball 1-0: Ball 2-0: Ball 3-0: Base on Balls
|
|
Batting: SHB Danny Torres
|
0-0: Ball 1-0: Called Strike 1-1: Ball 2-1: Called Strike 2-2: Ball 3-2: Fly out, F7 (Flyball, 7LM, EV 91.3 MPH)
|
| Bottom of the 9th over - 4 runs, 1 hit, 2 errors, 2 left on base; Amarillo 7 - El Paso 5 |
|